 Dungeon Crawl Stone Soup version 0.27-a0-1416-g941b2bd30b (webtiles) character file.

Game seed: 18004406177705058108

4255 Tocho the Martial Artist (level 10, -2/81 HPs)
             Began as a Red Draconian Transmuter on July 1, 2021.
             Was a Believer of Yredelemnul.
             Slain by a wyvern zombie (11 damage)
             ... on level 8 of the Dungeon.
             The game lasted 00:23:11 (10501 turns).

Tocho the Martial Artist (DrTm)                    Turns: 10501, Time: 00:23:12

Health: -2/81      AC:  7    Str: 14    XL:     10   Next: 10%
Magic:  14/17      EV: 14    Int: 13    God:    Yredelemnul [**....]
Gold:   344        SH:  0    Dex: 14    Spells: 4/18 levels left

rFire    + . .     SeeInvis +     - Unarmed
rCold    . . .     Faith    .   (no shield)
rNeg     . . .     Spirit   .   (armour unavailable)
rPois    .         Reflect  .   (helmet currently unavailable)
rElec    .         Harm     .   (no cloak)
rCorr    .         Rampage  .   (no gloves)
Will     .....                  (boots currently unavailable)
Stlth    ++........             (no amulet)
HPRegen  0.23/turn              r - ring of see invisible
MPRegen  0.15/turn              m - ring of flight

@: short of breath, appendages, wereblooded, flying
A: horns 2, talons 2, breathe fire, AC +7, unfitting armour, fire resistance 1,
cold-blooded
a: Breathe Fire, End Transformation, Renounce Religion, Animate Remains, Recall
Undead Slaves, Injury Mirror


You were on level 8 of the Dungeon.
You worshipped Yredelemnul.
Yredelemnul was pleased with you.
You had temporarily grown beastly horns and talons.
You visited 1 branch of the dungeon, and saw 8 of its levels.

You collected 344 gold pieces.

Inventory:

Missiles
 s - a throwing net (quivered)
Armour
 t - a +2 hat (melded)
Magical Staves
 z - a staff of death
Jewellery
 i - a ring of protection from fire
 m - a ring of flight (right hand)
 r - a ring of see invisible (left hand)
 v - a +4 ring of slaying
Wands
 l - a wand of mindburst (8)
 o - a wand of polymorph (18)
 A - a wand of iceblast (10)
Scrolls
 a - a scroll of silence {unknown}
 c - 4 scrolls of teleportation
 d - a scroll of enchant armour {unknown}
 f - a scroll of acquirement {unknown}
 g - 3 scrolls of amnesia {unknown}
 k - a scroll of vulnerability {unknown}
 p - a scroll of enchant weapon {unknown}
 w - a scroll of identify
 x - 3 scrolls of noise {unknown}
 y - a scroll of immolation {unknown}
 B - a scroll of fog {unknown}
Potions
 b - 4 potions of brilliance
 e - a potion of might
 h - a potion of resistance
 j - a potion of magic
 n - a potion of flight {unknown}
 q - a potion of haste
 u - a potion of heal wounds {unknown}


   Skills:
 * Level 5.4 Fighting
 * Level 5.4 Dodging
 + Level 2.1 Stealth
 * Level 9.7 Unarmed Combat
 + Level 4.8 Spellcasting
 * Level 4.9 Necromancy
 + Level 4.2 Transmutations
 * Level 1.4 Invocations


You had 4 spell levels left.
You knew the following spells:

 Your Spells              Type           Power      Damage    Failure   Level
a - Beastly Appendage     Tmut           28%        N/A       3%          1
b - Wereblood             Tmut           14%        N/A       4%          2
c - Animate Skeleton      Necr           30%        N/A       2%          1
d - Pain                  Necr           60%        1d7       2%          1
e - Animate Dead          Necr           7%         N/A       26%         4
f - Agony                 Necr           15%        N/A       56%         5

Your spell library contained the following spells:

 Spells                   Type           Power      Damage    Failure   Level
 Passwall                 Tmut/Erth      6%         N/A       12%         2
 Apportation              Tloc           6%         N/A       19%         1
 Corona                   Hex            3%         N/A       19%         1
 Freeze                   Ice            12%        1d4       19%         1
 Sandblast                Erth           6%         2d5       19%         1
 Shock                    Conj/Air       12%        1d3       19%         1
 Summon Small Mammal      Summ           12%        N/A       19%         1
 Spider Form              Tmut/Pois      4%         N/A       24%         3
 Dazzling Flash           Conj/Hex       6%         N/A       50%         3
 Frozen Ramparts          Ice            6%         1d2       50%         3
 Gell's Gravitas          Tloc           1%         N/A       50%         3
 Lesser Beckoning         Tloc           1%         N/A       50%         3
 Swiftness                Air            3%         N/A       50%         3
 Teleport Other           Tloc           3%         N/A       50%         3
 Ice Form                 Ice/Tmut       8%         N/A       63%         4
 Airstrike                Air            1%         N/A       88%         4
 Hailstorm                Conj/Ice       3%         3d3       88%         4
 Lee's Rapid Deconstruct  Erth           1%         3d5*      99%         5
 Silence                  Hex/Air        1%         N/A       99%         5
 Summon Forest            Summ/Tloc      1%         N/A       99%         5
 Summon Mana Viper        Hex/Summ       3%         N/A       99%         5
 Shadow Creatures         Summ           N/A        N/A       100%        6


Dungeon Overview and Level Annotations

Branches:
Dungeon (8/15)             Temple (0/1) D:6
   Lair: D:8-11

Altars:
Makhleb
Yredelemnul
The Shining One

Shops:
D:1 [

Annotations:
D:3 1 runed translucent door
D:8 2 transporters, atabob's ghost, novice DrCj


Innate Abilities, Weirdness & Mutations

You have temporarily grown beastly horns and talons.
You can breathe blasts of fire.
Your fiery red scales are hard. (AC +7)
You cannot fit into any form of body armour.
Your flesh is heat resistant. (rF+)
You are cold-blooded and may be slowed by cold attacks.


Message History

You are too injured to fight recklessly!
You are too injured to fight recklessly!
You are too injured to fight recklessly!
You hit the kobold but do no damage. The kobold misses you.
You hit the kobold.
You kill the kobold!
Yredelemnul accepts your kill.
Things that are here:
a +0 whip; a stone A wyvern zombie comes into view.
A wyvern zombie is nearby!
A wyvern zombie is nearby!
Press: ? - help, Shift-Dir - straight line, f - wyvern zombie
Aim: a wyvern zombie You breathe a blast of fire.
The fiery breath hits the wyvern zombie!
The wyvern zombie is moderately damaged.
The wyvern zombie bites you!
* * * LOW HITPOINT WARNING * * *
Casting: Wereblood (safe; 4% risk of failure)
Confirm with . or Enter, or press ? or * to list all spells.
You grow a pair of large bovine horns.
Your feet morph into talons.
Your +2 hat melds into your body.
The wyvern zombie bites you!
* * * LOW HITPOINT WARNING * * *
The wyvern zombie misses you.
Casting: Beastly Appendage (safe; 3% risk of failure)
Confirm with . or Enter, or press ? or * to list all spells.
Your blood is infused with primal strength.
The wyvern zombie barely misses you.
You feel better. The wyvern zombie closely misses you.
You hit the wyvern zombie.
You headbutt the wyvern zombie, but do no damage.
The wyvern zombie is moderately damaged.
The wyvern zombie misses you.
You punch the wyvern zombie! You headbutt the wyvern zombie.
Your tail-slap misses the wyvern zombie.
The wyvern zombie is heavily damaged.
The wyvern zombie bites you!
You die...
Your body rises from the dead as a mindless zombie.

# ####### #
#.....########## ###
#.###...........
###.. #########)#
#°.Z@...## ......
#.)))..)).###.###...#
####..
#))######.Z...###...#
#.. ...... #..#
###.....#...# #.#
##### #..#
#.###.#...# #.# #....
#..### #.#
#.#.#.###.# #.###
#.#..# #.#
#......##.# ##.##.
.###.# #.#
#....#..#.# #..... #
.# #..
##.#....#.####..#..


You could see a wyvern zombie.

Vanquished Creatures
  Joseph (D:7)
  Grinder (D:4)
  Prince Ribbit (D:8)
  A hornet (D:7)
  A human (D:3)
  The ghost of gorlok231 the Chiller, an amateur HuIE (D:3)
  2 water moccasins
  Duvessa (D:7)
  3 ice beasts
  2 black bears (D:6)
  2 orc warriors
  4 ogres
  A centaur (D:8)
  2 phantoms (D:6)
  3 kobold brigands
  2 bullfrogs (D:7)
  5 scorpions
  A water moccasin zombie (D:5)
  A wyvern skeleton (D:7)
  A bullfrog zombie (D:6)
  3 hounds
  3 iron imps (D:4)
  An orc priest (D:8)
  5 iguanas
  6 orc wizards
  2 howler monkey zombies
  Robin (D:2)
  7 gnolls
  6 adders
  A shadow imp (D:6)
  2 white imps
  4 dart slugs
  9 orcs
  3 endoplasms
  4 giant cockroaches
  8 hobgoblins
  24 kobolds
  4 quokkas
  4 ball pythons
  2 bats
  3 frilled lizards
  14 goblins
  9 rats
161 creatures vanquished.

Vanquished Creatures (collateral kills)
  Dowan (D:7)
  An adder (D:2)
2 creatures vanquished.

Vanquished Creatures (others)
  An orc wizard (D:7)
1 creature vanquished.

Grand Total: 164 creatures vanquished

Notes
Turn   | Place    | Note
-------+----------+-------------------------------------------
     0 | D:1      | Tocho the Draconian Transmuter began the quest for the Orb.
     0 | D:1      | Reached XP level 1. HP: 16/16 MP: 3/3
   154 | D:1      | Reached XP level 2. HP: 16/23 MP: 5/5
   157 | D:1      | Learned a level 2 spell: Wereblood
   159 | D:1      | Learned a level 1 spell: Animate Skeleton
   161 | D:1      | Learned a level 1 spell: Pain
   462 | D:1      | Found Idi Tot's Armour Emporium.
   723 | D:2      | Noticed Robin
   741 | D:2      | Reached XP level 3. HP: 25/28 MP: 4/6
   743 | D:2      | Killed Robin
   851 | D:2      | Reached skill level 4 in Unarmed Combat
  1157 | D:2      | Reached skill level 1 in Necromancy
  1390 | D:2      | Found a faded altar of an unknown god.
  1513 | D:2      | Reached XP level 4. HP: 29/36 MP: 7/7
  2023 | D:3      | Noticed a kobold brigand
  2045 | D:3      | Killed a kobold brigand
  2046 | D:3      | Reached XP level 5. HP: 5/41 MP: 6/8
  2049 | D:3      | HP: 3/61 [poisoned by a kobold brigand]
  2410 | D:3      | Found a runed translucent door.
  2413 | D:3      | Noticed gorlok231's ghost (amateur HuIE)
  2435 | D:3      | HP: 1/41 [gorlok231's ghost (5)]
  2437 | D:3      | Killed gorlok231's ghost
  2438 | D:3      | Reached skill level 5 in Unarmed Combat
  2438 | D:3      | Reached XP level 6. HP: 4/48 MP: 6/9
  3095 | D:3      | Found a runed translucent door.
  3270 | D:3      | Found a runed translucent door.
  3274 | D:3      | Noticed a human
  3277 | D:3      | Found a basalt altar of Yredelemnul.
  3377 | D:3      | Killed a human
  3953 | D:3      | Became a worshipper of Yredelemnul the Dark
  4480 | D:4      | Noticed Grinder
  4480 | D:4      | Paralysed by Grinder for 6 turns
  4498 | D:4      | Killed Grinder
  4499 | D:4      | Reached skill level 1 in Stealth
  4499 | D:4      | Reached skill level 6 in Unarmed Combat
  4499 | D:4      | Your scales start taking on a fiery red colour.
  4499 | D:4      | Reached XP level 7. HP: 49/56 MP: 6/11
  4499 | D:4      | Gained mutation: Your flesh is heat resistant. (rF+) [Red
                  | Draconian growth]
  5002 | D:4      | Reached skill level 7 in Unarmed Combat
  5221 | D:4      | Found a burning altar of Makhleb.
  5301 | D:4      | Reached XP level 8. HP: 25/63 MP: 12/12
  5838 | D:5      | Entered Level 5 of the Dungeon
  6086 | D:5      | Found a glowing golden altar of the Shining One.
  6234 | D:5      | Learned a level 4 spell: Animate Dead
  7278 | D:6      | Found a staircase to the Ecumenical Temple.
  7384 | D:6      | Reached skill level 8 in Unarmed Combat
  7797 | D:6      | Reached XP level 9. HP: 52/72 MP: 14/14
  8375 | D:7      | Reached * piety under Yredelemnul
  8578 | D:7      | Noticed Joseph
  8602 | D:7      | Killed Joseph
  8603 | D:7      | Reached skill level 5 in Fighting
  8603 | D:7      | Reached skill level 9 in Unarmed Combat
  8700 | D:7      | Reached skill level 5 in Dodging
  9307 | D:7      | Noticed Dowan
  9317 | D:7      | Noticed Duvessa
  9330 | D:7      | Killed Duvessa
  9334 | D:7      | Killed Dowan
  9627 | D:7      | Learned a level 5 spell: Agony
  9944 | D:8      | Found a transporter.
  9948 | D:8      | Noticed an ancient zyme
  9950 | D:8      | Found a transporter.
  9989 | D:8      | Reached skill level 1 in Invocations
 10140 | D:8      | Noticed Prince Ribbit
 10150 | D:8      | Killed Prince Ribbit
 10151 | D:8      | Reached XP level 10. HP: 51/81 MP: 17/17
 10302 | D:8      | Noticed atabob's ghost (novice DrCj)
 10418 | D:8      | Reached ** piety under Yredelemnul
 10497 | D:8      | HP: 1/81 [wyvern zombie (8)]
 10501 | D:8      | Slain by a wyvern zombie

Illustrated notes

Levels and vault maps discovered:
D:1:      matt_arrival_grand_opening, layout_rooms, serial_shops, shop
D:2:      layout_basic, basic_ecumenical_altar, uniq_robin
D:3:      cheibrodos_thug_alley, layout_loops_ring, dk_yredelemnul_ordeal,
          ebering_ghost_sewer_f
D:4:      layout_basic, demons_altar, kennysheep_doodads, uniq_grinder
D:5:      layout_loops_corners, tso_metal_star, minmay_misc_feat_secret_circle
D:6:      layout_basic, minmay_temple_entry_arrows
D:7:      layout_rooms, st_stairs_5, uniq_duvessa, uniq_joseph
D:8:      kennysheep_big_flooded_room, layout_loops_ring,
          gammafunk_ghost_abyssal_escape, uniq_prince_ribbit1, uniq_gastronok

Skill      XL: |  1  2  3  4  5  6  7  8  9 |
---------------+----------------------------+-----
Unarmed Combat | 4 5 6 7 8 9 |  9.7
Dodging        | 2 3 4 5 |  5.4
Necromancy     | 1 2 3 4 |  4.9
Fighting       | 2 3 4 5 |  5.4
Stealth        | 1 2 |  2.1
Spellcasting   | 3 4 |  4.8
Transmutations | 3 4 |  4.2
Invocations    | 1 |  1.4

Action                   |  1- 3 |  4- 6 |  7- 9 | 10-12 || total
-------------------------+-------+-------+-------+-------++-------
Melee: Unarmed           |   113 |   123 |   308 |    22 ||   566
       Tailslap          |    12 |    11 |    36 |     1 ||    60
       Headbutt          |     1 |     4 |    15 |     6 ||    26
       Kick              |     1 |     3 |    26 |       ||    30
       Punch             |       |     3 |    14 |       ||    17
 Cast: Wereblood         |     4 |     6 |    21 |     3 ||    34
       Beastly Appendage |     3 |     4 |    21 |     3 ||    31
       Animate Skeleton  |     2 |     1 |     2 |       ||     5
       Pain              |       |       |    11 |       ||    11
 Abil: Breathe Fire      |       |       |    31 |     4 ||    35
  Use: Potion            |       |     3 |     1 |     1 ||     5
       Scroll            |       |     3 |     3 |       ||     6
 Stab: Sleeping          |     1 |       |       |       ||     1
Armor: Skin              |    28 |    23 |    88 |     9 ||   148
Dodge: Dodged            |    59 |    63 |   167 |    16 ||   305

Table legend: (Time is in decaauts)
 A = Elapsed time spent in this place.
 B = Non-inter-level travel time spent in this place.
 C = Inter-level travel time spent in this place.
 D = Time resting spent in this place.
 E = Time spent auto-exploring this place.
 F = Levels seen in this place.
 G = Mean time per level.
                   A        B        C        D        E       F      G
               +--------+--------+--------+--------+--------+-----+--------+
         Total |  10453 |  10319 |    134 |   1862 |   6680 |   8 | 1306.6 |
       Dungeon |  10453 |  10319 |    134 |   1862 |   6680 |   8 | 1306.6 |
               +--------+--------+--------+--------+--------+-----+--------+

Top non-repeatable levels by time:
     D:3: 2433 daAuts
     D:4: 1430 daAuts
     D:7: 1307 daAuts
     D:2: 1261 daAuts
     D:6: 1239 daAuts
     D:5: 1212 daAuts
     D:8: 865 daAuts
     D:1: 703 daAuts
